 Dungeon Crawl Stone Soup version 0.23-a0-558-g30802b1 (console) character file.

10189 Duffy the Blocker (level 11, -3/100 HPs)
             Began as a Naga Fighter on Dec 11, 2018.
             Was the Champion of Cheibriados.
             Slain by an eight-headed hydra (10 damage)
             ... on level 1 of the Lair of Beasts.
             The game lasted 00:13:58 (12767 turns).

Duffy the Blocker (Naga Fighter)                   Turns: 12767, Time: 00:13:59

Health: -3/100     AC: 16    Str: 36      XL:     11   Next: 58%
Magic:  16/16      EV:  7    Int: 23      God:    Cheibriados [******]
Gold:   249        SH: 14    Dex: 26 (27) Spells: 10/10 levels left

rFire    . . .     SeeInvis +   b - +2 whip (elec)
rCold    . . .     Gourm    .   c - +0 shield
rNeg     + . .     Faith    .   P - +1 chain mail {rN+}
rPois    +         Spirit   .   x - +2 helmet
rElec    .         Reflect  .   e - +0 cloak
rCorr    .         Harm     .   v - +0 pair of gloves
MR       +....                  (no barding)
Stlth    ..........             (no amulet)
HPRegen  0.26/turn              t - ring of flight
MPRegen  0.15/turn              j - ring of stealth

@: very slow
A: large, see invisible, deformed body, poison resistance, slowness 2, slow
metabolism 1, spit poison 1, AC +3
a: Spit Poison, Bend Time, Temporal Distortion, Slouch, Step From Time, Renounce
Religion, Evoke Flight


You were on level 1 of the Lair of Beasts.
You worshipped Cheibriados.
Cheibriados was exalted by your worship.
You were not hungry.

You visited 3 branches of the dungeon, and saw 12 of its levels.
You also visited: Ossuary.

You collected 669 gold pieces.
You spent 420 gold pieces at shops.

Inventory:

Hand Weapons
 a - a +0 broad axe
 b - a +2 whip of electrocution (weapon)
Armour
 c - a +0 shield (worn)
 e - a +0 cloak (worn)
 v - a +0 pair of gloves (worn)
 x - a +2 helmet (worn)
 P - a +1 chain mail of positive energy (worn)
Jewellery
 j - a ring of stealth (right hand)
 t - a ring of flight (left hand)
Wands
 d - a wand of flame (51)
 C - a wand of iceblast (18)
 D - a wand of digging (5)
 N - a wand of polymorph (9)
Scrolls
 l - 7 scrolls of remove curse
 m - a scroll of amnesia
 o - 6 scrolls of teleportation {unknown}
 u - 3 scrolls of magic mapping {unknown}
 w - a scroll of blinking
 y - 3 scrolls of immolation {unknown}
 z - 2 scrolls of enchant armour
 F - a scroll of fear
 H - 2 scrolls of enchant weapon
 K - a scroll of fog
Potions
 h - 3 potions of agility {unknown}
 i - 2 potions of heal wounds {unknown}
 k - 2 potions of invisibility {unknown}
 p - 5 potions of lignification {unknown}
 q - 5 potions of flight {unknown}
 r - 7 potions of curing {unknown}
 s - a potion of might
 A - a potion of berserk rage {unknown}
 E - a potion of magic {unknown}
 G - a potion of haste {unknown}
 I - a potion of degeneration {unknown}
 J - 3 potions of mutation {unknown}
 L - a potion of ambrosia
 M - 2 potions of cancellation {unknown}
 R - a potion of resistance
Comestibles
 f - 18 rations
 Q - a chunk of flesh


   Skills:
 + Level 7.4 Fighting
 + Level 7.4 Axes
 - Level 5.5 Armour
 - Level 9.0 Shields
 + Level 7.2 Invocations
 - Level 6.5 Evocations


You had 10 spell levels left.
You didn't know any spells.
Your spell library contained the following spells:

 Spells                   Type           Power        Failure   Level  Hunger
 Magic Dart               Conj           #...         50%         1    ##.....
 Blink                    Tloc           N/A          65%         2    ###....
 Call Imp                 Summ           #.......     65%         2    ###....
 Slow                     Hex            #.......     65%         2    ###....
 Conjure Flame            Conj/Fire      #.......     86%         3    ####...
 Mephitic Cloud           Conj/Pois/Air  #.......     86%         3    ####...


Dungeon Overview and Level Annotations

Branches:
Dungeon (10/15)            Temple (1/1) D:7            Lair (1/6) D:9
    Orc (0/2) D:9

Altars:
Ashenzari
Cheibriados
Dithmenos
Elyvilon
Fedhas
Gozag
Hepliaklqana
Kikubaaqudgha
Makhleb
Nemelex Xobeh
Okawaru
Qazlal
Ru
Sif Muna
Trog
Uskayaw
Vehumet
Wu Jian
Xom
Yredelemnul
Zin
The Shining One

Shops:
D:4 }

Annotations:
D:10 exclusion: obsidian statue


Innate Abilities, Weirdness & Mutations

You cannot wear boots.
Your serpentine skin is tough. (AC +3)
You have supernaturally acute eyesight. (SInv)
Armour fits poorly on your strangely shaped body.
Your system is resistant to poisons. (rPois)
You cover ground very slowly.
You have a slow metabolism.
You can spit poison.


Message History

The eight-headed hydra is severely wounded.
The eight-headed hydra bites you but does no damage. x3
The eight-headed hydra bites you.
You block the eight-headed hydra's attack.
The eight-headed hydra bites you.
You block the eight-headed hydra's attack.
The eight-headed hydra bites you.
Evoke which item? (* to show all) (? for menu, Esc to quit)
Aiming: Corrosive Bolt
Press: ? - help, Shift-Dir - straight line, f - eight-headed hydra
Aim: an eight-headed hydra (severely wounded, covered in acid)
The bolt of acid hits the eight-headed hydra.
The eight-headed hydra is splashed with acid.
The acid corrodes the eight-headed hydra!
The eight-headed hydra is almost dead.
The now-empty wand crumbles to dust.
The eight-headed hydra barely misses you.
The eight-headed hydra bites you. The eight-headed hydra bites you!
The eight-headed hydra bites you. The eight-headed hydra bites you!
You die...

#........#
........# #.......#
#.......# #......
##..... # #...$D#.#
## #..@.###
##.#####......#
#####....#...######
#...........##
.............##
..............##
...............#
...............##
)......<.%......#


You could see an eight-headed hydra.

Vanquished Creatures
  A two-headed ogre (D:9)
  Psyche (D:8)
  A gargoyle (D:10)
  2 trolls
  A hornet (D:8)
  2 hippogriffs
  Sigmund (D:2)
  5 yaks
  A human (D:8)
  2 hogs (D:8)
  Grum (D:10)
  3 hungry ghosts
  A water moccasin (D:9)
  3 orc warriors
  2 porcupines (Lair:1)
  5 sky beasts
  An ice beast (D:9)
  4 phantoms
  2 black bears
  4 wolves (D:10)
  5 ogres
  2 eyes of draining
  5 centaurs
  A big kobold (D:8)
  A crocodile (D:9)
  2 bullfrogs
  12 scorpions
  A water moccasin skeleton (D:10)
  4 wights (D:9)
  A howler monkey (D:4)
  4 centaur zombies
  2 crimson imps
  2 quasits
  4 orc priests
  4 hounds
  A jelly (D:5)
  7 orc wizards
  2 bullfrog skeletons (D:10)
  A centaur skeleton (D:4)
  Jessica (D:3)
  3 iguanas
  9 worker ants
  A killer bee zombie (D:9)
  2 big kobold zombies (Ossuary)
  7 ogre zombies (D:9)
  A hound zombie (D:6)
  6 hound skeletons
  4 mummies
  Robin (D:2)
  12 adders
  A gnoll (D:6)
  A howler monkey skeleton (D:4)
  6 scorpion zombies (Ossuary)
  3 oozes
  An adder skeleton (D:5)
  4 worms
  A dart slug (D:1)
  7 leopard geckos
  23 orcs
  4 giant cockroaches
  9 hobgoblins
  3 jackals (D:3)
  14 kobolds
  2 quokkas
  2 ball pythons (D:3)
  12 bats
  4 frilled lizards
  3 gnoll zombies (Ossuary)
  12 goblins
  A goblin skeleton (D:9)
  6 goblin zombies
  2 hobgoblin skeletons (D:9)
  3 hobgoblin zombies
  A jackal skeleton (D:7)
  A kobold zombie (Ossuary)
  6 orc skeletons (D:9)
  15 orc zombies
  8 rats
306 creatures vanquished.

Vanquished Creatures (others)
  A quokka (D:9)
1 creature vanquished.

Grand Total: 307 creatures vanquished

Notes
Turn   | Place    | Note
-------+----------+-------------------------------------------
     0 | D:1      | Duffy the Naga Fighter began the quest for the Orb.
     0 | D:1      | Reached XP level 1. HP: 21/21 MP: 1/1
   226 | D:2      | Reached XP level 2. HP: 28/28 MP: 2/2
   475 | D:4      | Found Guify's Gadget Emporium.
   504 | D:4      | Reached skill level 3 in Shields
   504 | D:4      | Reached XP level 3. HP: 33/34 MP: 3/3
   745 | D:4      | Reached XP level 4. HP: 38/42 MP: 2/4
   805 | D:5      | Entered Level 5 of the Dungeon
   805 | D:5      | Noticed an ogre
   811 | D:5      | Killed an ogre
   811 | D:5      | Reached skill level 4 in Shields
   811 | D:5      | Reached XP level 5. HP: 49/49 MP: 5/5
   843 | D:5      | Found a glowing golden altar of the Shining One.
   906 | D:5      | Noticed a sky beast
   930 | D:5      | Killed a sky beast
   930 | D:5      | Reached skill level 5 in Shields
   930 | D:5      | Reached XP level 6. HP: 17/56 MP: 6/6
  1181 | D:5      | Noticed a yak
  1181 | D:5      | Noticed a yak
  1183 | D:5      | Noticed a yak
  1189 | D:5      | Killed a yak
  1191 | D:5      | Killed a yak
  1191 | D:5      | Reached skill level 6 in Shields
  1191 | D:5      | Reached XP level 7. HP: 62/62 MP: 7/7
  1200 | D:5      | Killed a yak
  1371 | D:6      | Reached skill level 7 in Shields
  1514 | D:6      | Reached XP level 8. HP: 66/69 MP: 8/8
  1665 | D:5      | Found a hazy altar of Hepliaklqana.
  1692 | D:5      | Reached skill level 8 in Shields
  1898 | D:7      | Found a bloodstained altar of Trog.
  2074 | D:6      | Found a sacrificial altar of Ru.
  2243 | D:6      | Found a stormy altar of Qazlal.
  2243 | D:6      | Found a sparkling altar of Nemelex Xobeh.
  2244 | D:6      | Found an iron altar of Okawaru.
  2291 | D:6      | Reached skill level 9 in Shields
  2494 | D:5      | Reached skill level 1 in Evocations
  2940 | D:4      | Reached XP level 9. HP: 72/75 MP: 8/10
  3177 | D:4      | Found a bloodstained altar of Trog.
  3766 | D:5      | Found a blossoming altar of Fedhas.
  4858 | D:7      | HP: 3/75 [sky beast (4)]
  4862 | D:7      | Reached skill level 5 in Armour
  4862 | D:7      | Reached skill level 5 in Evocations
  5269 | D:7      | Found a staircase to the Ecumenical Temple.
  5278 | Temple   | Entered the Ecumenical Temple
  5480 | Temple   | Became a worshipper of Cheibriados the Contemplative
  6076 | D:1      | Reached * piety under Cheibriados
  6284 | D:2      | Noticed Sigmund
  6299 | D:2      | Killed Sigmund
  6435 | D:2      | Noticed Robin
  6441 | D:2      | Killed Robin
  6449 | D:2      | Found a faded altar of an unknown god.
  6569 | D:2      | Reached ** piety under Cheibriados
  7024 | D:3      | Found a hide-covered altar of Uskayaw.
  7233 | D:3      | Found a burning altar of Makhleb.
  7498 | D:3      | You fall through a shaft for 3 floors!
  7685 | D:3      | Noticed Jessica
  7697 | D:3      | Killed Jessica
  7697 | D:3      | Reached *** piety under Cheibriados
  7759 | D:4      | Bought a wand of acid (4) for 160 gold pieces
  7759 | D:4      | Bought a wand of iceblast (4) for 80 gold pieces
  7759 | D:4      | Bought a wand of digging (5) for 180 gold pieces
  8120 | D:8      | Reached XP level 10. HP: 77/84 MP: 14/14
  8206 | D:8      | Reached skill level 1 in Invocations
  8288 | D:8      | Noticed Psyche
  8297 | D:8      | Killed Psyche
  8328 | D:8      | Found a sand-covered staircase.
  8341 | Ossuary  | Entered an ossuary
  8557 | Ossuary  | Reached **** piety under Cheibriados
  8835 | Ossuary  | Reached skill level 5 in Axes
  8969 | D:8      | Reached skill level 5 in Fighting
  9623 | D:9      | Reached ***** piety under Cheibriados
  9624 | D:9      | Noticed a two-headed ogre
  9634 | D:9      | Killed a two-headed ogre
  9634 | D:9      | Reached skill level 5 in Invocations
  9634 | D:9      | Reached XP level 11. HP: 49/97 MP: 15/15
 10022 | D:9      | Found a staircase to the Orcish Mines.
 10140 | D:9      | Found a staircase to the Lair.
 10287 | D:9      | Found a white marble altar of Elyvilon.
 10616 | D:9      | Found an ornate altar of the Wu Jian Council.
 10672 | D:9      | Found a shadowy altar of Dithmenos.
 10853 | D:10     | Entered Level 10 of the Dungeon
 11407 | D:10     | Reached ****** piety under Cheibriados
 11408 | D:10     | Noticed Grum
 11419 | D:10     | Killed Grum
 12310 | D:10     | Noticed an obsidian statue
 12639 | Lair:1   | Entered Level 1 of the Lair of Beasts
 12757 | Lair:1   | Noticed an eight-headed hydra
 12767 | Lair:1   | Slain by an eight-headed hydra

Vault maps used:
D:1:      wander_arrival_fairy_ring
D:2:      chequers_ecumenical_altar_simple, uniq_sigmund, uniq_robin
D:3:      kennysheep_big_flooded_room, old_standard_altar,
          eat_drink_and_be_merry_uskayaw, uniq_jessica
D:4:      first_ration, serial_glass, glass_columns_c, glass_columns_a,
          due_unseen_surprise, feat_on_display, feat_on_display, serial_shops,
          shop, trog_book
D:5:      tso_metal_star, overflow_temple_1_default,
          fedhas_bush_and_centaur_altar
D:6:      nicolae_ru_great_annihilating_truth,
          chequers_temple_overflow_statue_of_worship, minmay_chambers_of_fives
D:7:      lemuel_temple_firewalk_a, lemuel_tele_altar
D:8:      nicolae_ossuary_entry_giza, serial_park_tiny_1, grunt_livestock,
          uniq_psyche
D:9:      kennysheep_mini, kennysheep_mini_moat, elyvilon_altar_4,
          lair_entry_dummy, zombieorc2_lemuel, minmay_misc_feat_diagonals
D:10:     minivault_16, serial_park_tiny_1, uniq_grum
Temple:   jpeg_temple_alley_garden
Lair:1:   lemuel_fruit_tree, uniq_sonja
Ossuary:  ossuary_minmay_scorpions

Skill      XL: |  1  2  3  4  5  6  7  8  9 10 11 |
---------------+----------------------------------+-----
Shields        | 3 4 5 6 7 9 |  9.0
Evocations     | 2 6 |  6.5
Armour         | 3 5 |  5.5
Axes           | 6 7 |  7.4
Invocations    | 5 7 |  7.2
Fighting       | 6 7 |  7.4

Action                   |  1- 3 |  4- 6 |  7- 9 | 10-12 || total
-------------------------+-------+-------+-------+-------++-------
Melee: War axe           |    17 |    12 |     5 |   146 ||   180
       Whip              |    30 |    16 |   541 |   324 ||   911
       Broad axe         |       |       |       |    81 ||    81
 Abil: Spit Poison       |     1 |     5 |     3 |     1 ||    10
Evoke: Wand              |       |       |       |     8 ||     8
  Use: Potion            |       |     1 |       |       ||     1
       Scroll            |       |       |       |    11 ||    11
 Stab: Paralysed         |       |       |     1 |       ||     1
  Eat: Chunk             |       |       |    17 |     8 ||    25
       Ration            |       |       |     1 |     2 ||     3
Armor: Scale mail        |    19 |     9 |   201 |    68 ||   297
       Plate armour      |       |       |       |   167 ||   167
       Chain mail        |       |       |       |    11 ||    11
Dodge: Dodged            |    13 |    11 |   140 |   120 ||   284
Block: Shield            |    28 |    11 |   350 |   420 ||   809

Table legend:
 A = Non-vault XP
 B = Vault XP
 C = Vault XP percentage of total XP
 D = Non-vault monster count
 E = Vault monster count
 F = Vault count percentage of total count
                 A         B        C        D         E       F
            +---------+---------+-------+---------+---------+-------
      Total |   10378 |    4178 |  28.7 |     201 |     105 |  34.3
            +---------+---------+-------+---------+---------+-------
        D:1 |      43 |       0 |   0.0 |      23 |       0 |   0.0
        D:2 |      68 |     262 |  79.4 |      22 |      12 |  35.3
        D:3 |      54 |      41 |  43.2 |      21 |       3 |  12.5
        D:4 |     452 |       0 |   0.0 |      21 |       0 |   0.0
        D:5 |    1295 |     115 |   8.2 |      16 |       1 |   5.9
        D:6 |     781 |     117 |  13.0 |      14 |       7 |  33.3
        D:7 |    1114 |       0 |   0.0 |      18 |       0 |   0.0
        D:8 |    1219 |    1432 |  54.0 |      19 |       9 |  32.1
        D:9 |    2810 |     626 |  18.2 |      21 |      35 |  62.5
       D:10 |    2250 |     656 |  22.6 |      24 |       5 |  17.2
     Lair:1 |     292 |       0 |   0.0 |       2 |       0 |   0.0
    Ossuary |       0 |     929 | 100.0 |       0 |      33 | 100.0
            +---------+---------+-------+---------+---------+-------
